 Dungeon Crawl Stone Soup version 0.28-a0-938-gbc3f381ebc (webtiles) character file.

Game seed: 12604904273058207724

107 mcbry74 the Shooter (level 4, -6/40 HPs)
             Began as a Minotaur Hunter on Nov 28, 2021.
             Mangled by a water moccasin (7 damage)
             ... on level 3 of the Dungeon.
             The game lasted 00:08:42 (2094 turns).

mcbry74 the Shooter (Minotaur Hunter)               Turns: 2094, Time: 00:08:43

Health: -6/40      AC:  3    Str: 14 (16) XL:     4   Next: 56%
Magic:  3/3        EV: 11    Int: 11 (14) God:
Gold:   50         SH:  0    Dex:  9 (12) Spells: 3/3 levels left

rFire   . . .      SeeInvis +   b - +2 hand axe (freeze)
rCold   . . .      Faith    .   (no shield)
rNeg    . . .      Spirit   .   c - +0 leather armour
rPois   .          Reflect  .   (helmet restricted)
rElec   .          Harm     .   (no cloak)
rCorr   .          Rampage  .   (no gloves)
Will    .....                   (no boots)
Stlth   +.........              (no amulet)
HPRegen 0.13/turn               i - +6 ring of intelligence
MPRegen 0.08/turn               n - ring of see invisible

@: no status effects
A: horns 2, retaliatory headbutt
a: no special abilities


You were on level 3 of the Dungeon.
You visited 1 branch of the dungeon, and saw 3 of its levels.

You collected 50 gold pieces.

Inventory:

Hand Weapons
 a - a +1 shortbow
 b - a +2 hand axe of freezing (weapon)
 e - a +0 short sword
 f - a +0 whip
 l - a +1 flail of holy wrath
Missiles
 d - 31 arrows
 o - 13 poisoned darts (quivered)
Armour
 c - a +0 leather armour (worn)
Jewellery
 i - a +6 ring of intelligence (left hand)
 n - a ring of see invisible (right hand)
Wands
 p - a wand of flame (27)
Scrolls
 g - a scroll of magic mapping {unknown}
 h - 2 scrolls of amnesia {unknown}
 k - 2 scrolls of noise {unknown}
 q - a scroll of identify {unknown}
Potions
 j - a potion of brilliance {unknown}
 m - a potion of degeneration
 r - a potion of invisibility {unknown}


   Skills:
 + Level 3.8 Fighting
 * Level 6.0 Bows
 - Level 2.1 Dodging
 - Level 0.7 Stealth


You had 3 spell levels left.
You didn't know any spells.
Your spell library was empty.

Dungeon Overview and Level Annotations

Branches:
Dungeon (3/15)

Altars:
Wu Jian

Shops:
D:2 =


Innate Abilities, Weirdness & Mutations

You have a pair of horns on your head.
You reflexively headbutt those who attack you in melee.


Message History

The water moccasin is lightly wounded.
The water moccasin bites you.
Fire: 34 arrows
Press: ? - help, Q - select action, (/) - cycle Shift-Dir - straight line, f/p - water moccasin
Aim: a water moccasin (lightly wounded, 46% to hit)
You shoot an arrow. The arrow hits the water moccasin.
The water moccasin is moderately wounded.
The water moccasin barely misses you.
Fire: 33 arrows
Press: ? - help, Q - select action, (/) - cycle Shift-Dir - straight line, f/p - water moccasin
Aim: a water moccasin (moderately wounded, 46% to hit)
You shoot an arrow. The arrow hits the water moccasin.
The water moccasin is heavily wounded.
The water moccasin bites you! The gnoll barely misses you.
Fire: 32 arrows
Press: ? - help, Q - select action, (/) - cycle Shift-Dir - straight line, f/p - water moccasin
Aim: a water moccasin (heavily wounded, 46% to hit)
You shoot an arrow.
The arrow barely misses the water moccasin.
The arrow hits the gnoll!
The gnoll is severely wounded.
The water moccasin bites you!
The orc priest looks braver for a moment.
The water moccasin bites you.
The orc priest looks encouraged for a moment.
Your +2 hand axe of freezing glows with a cold blue light!
b - a +2 hand axe of freezing (weapon)
The water moccasin bites you!
* * * LOW HITPOINT WARNING * * *
It was a potion of degeneration.
There was something very wrong with that liquid.
You feel weakened.
You feel dopey.
You feel clumsy.
A gnoll comes into view. It is wielding a +0 whip.
The water moccasin bites you.
* * * LOW HITPOINT WARNING * * *
You closely miss the water moccasin.
Your headbutt misses the water moccasin.
The water moccasin is moderately wounded.
The water moccasin bites you!
You die...

# ..##.#
#.####g#..####
#.............
####.#.##.....
#.#o# ###
#.#g# #.#g#
#.#S# #.#@#
#.#.# #.#.##
#.(..#####.#.
#..#.........
##...#####.##
##.## ## #.# .
#.# #.


You could see a water moccasin, an orc priest and 3 gnolls.

Vanquished Creatures
  Robin (D:2)
  4 gnolls (D:2)
  2 worms (D:2)
  3 endoplasms
  9 goblins
  7 hobgoblins
  7 jackals
  2 quokkas
  2 ball pythons
  2 bats
  A frilled lizard (D:1)
  2 kobolds
  5 rats
47 creatures vanquished.

Notes
Turn   | Place    | Note
-------+----------+-------------------------------------------
     0 | D:1      | mcbry74 the Minotaur Hunter began the quest for the Orb.
     0 | D:1      | Reached XP level 1. HP: 18/18 MP: 0/0
   164 | D:1      | Reached XP level 2. HP: 25/25 MP: 1/1
   299 | D:1      | Found a faded altar of an unknown god.
   519 | D:2      | Reached skill level 5 in Bows
   541 | D:2      | Reached XP level 3. HP: 31/31 MP: 2/2
   554 | D:2      | Found an ornate altar of the Wu Jian Council.
   591 | D:2      | Noticed Robin
   978 | D:2      | Reached XP level 4. HP: 15/38 MP: 3/3
  1410 | D:2      | Found Xoda's Jewellery Emporium.
  1465 | D:2      | Killed Robin
  1471 | D:2      | Reached skill level 6 in Bows
  2079 | D:3      | Noticed a water moccasin
  2093 | D:3      | HP: 1/40 [water moccasin (6)]
  2094 | D:3      | Mangled by a water moccasin

Illustrated notes

Levels and vault maps discovered:
D:1:      minmay_arrival_loop, layout_rooms,
          hellmonk_ecumenical_altar_leap_of_faith
D:2:      layout_rooms, serial_shops, nicolae_shop_advertising_works
          [nicolae_subvault_shop_adworks], basic_altar, uniq_robin
D:3:      layout_loops_ring, tgw_xom, minmay_stone_trees_small, st_stairs_5,
          uniq_jessica

Skill      XL: |  1  2  3  4 |
---------------+-------------+-----
Fighting       | 3 |  3.8
Bows           | 5 6 |  6.0
Dodging        | |  2.1
Stealth        | |  0.7

Action                   |  1- 3 |  4- 6 || total
-------------------------+-------+-------++-------
Melee: Whip              |     8 |       ||     8
       Headbutt          |     6 |       ||     6
       Hand axe          |    44 |    11 ||    55
 Fire: Shortbow          |    10 |    21 ||    31
Throw: Dart              |       |     1 ||     1
  Use: Potion            |       |     1 ||     1
Armor: Leather armour    |    13 |     4 ||    17
Dodge: Dodged            |    38 |    16 ||    54

Table legend: (Time is in decaauts)
 A = Elapsed time spent in this place.
 B = Non-inter-level travel time spent in this place.
 C = Inter-level travel time spent in this place.
 D = Time resting spent in this place.
 E = Time spent auto-exploring this place.
 F = Levels seen in this place.
 G = Mean time per level.
                   A        B        C        D        E       F      G
               +--------+--------+--------+--------+--------+-----+--------+
         Total |   2104 |   1999 |    105 |    585 |   1012 |   3 |  701.3 |
       Dungeon |   2104 |   1999 |    105 |    585 |   1012 |   3 |  701.3 |
               +--------+--------+--------+--------+--------+-----+--------+

Top non-repeatable levels by time:
     D:2: 1113 daAuts
     D:1: 889 daAuts
     D:3: 101 daAuts
